AoeStats
← OM | Romeo D. Sins

African Clearing

510485989Analyzed
4v4 RM · 23h ago on Oct 1, 2026· 44m 38s· 8 players
Game mode
Random Map
Map size
Large (8 player)
Population
200
Speed
Normal
Resources
Standard
Victory
Conquest
Starting age
Dark Age
Ending age
Imperial Age
RankedLock teamsTeams togetherTeam positionsShared explorationLock speedFull tech treeHidden civsTurbo modeCheats
Victory
Defeat
🇨🇳 Jurchens · China
1358
+16
🇳🇨 Koreans · New Caledonia
1352
+16
🇮🇹 Khmer · Italy
1292
+19
🇨🇳 Franks · China
1260
+21
🇲🇽 Wei · Mexico
1400
-19
🇲🇽 Magyars · Mexico
1378
-19
🇺🇸 Varangians · United States
1326
-17
🇲🇽 Huns · Mexico
1323
-17
SySeN_
4:06 Loom
13:57 Feudal Age
16:09 Wheelbarrow
19:00 Castle Age
18:24 Double-Bit Axe
20:04 Fletching
23:43 Bodkin Arrow
29:46 Town Watch
30:16 Hand Cart
31:13 Scale Mail Armor
31:25 Pikeman
34:25 Chain Mail Armor
35:43 Horse Collar
42:53 Imperial Age
41:42 Forging
42:06 Gold Mining
42:06 Stone Mining
42:33 Bow Saw
43:34 Iron Casting
43:12 Squires
42:57 Arson
43:07 Capped Ram
44:16 Conscription
45:15 Plate Mail Armor
shikashoura
8:10 Loom
12:53 Feudal Age
13:24 Double-Bit Axe
17:51 Fletching
29:36 Castle Age
29:45 Crossbowman
30:28 Bodkin Arrow
mimikyu
11:46 Feudal Age
11:04 Loom
12:33 Double-Bit Axe
13:59 Horse Collar
19:55 Forging
20:49 Scale Barding Armor
21:53 Bloodlines
26:55 Scale Mail Armor
28:05 Wheelbarrow
32:07 Castle Age
32:11 Light Cavalry
32:51 Husbandry
33:28 Iron Casting
33:27 Heavy Plow
33:39 Bow Saw
40:07 Hand Cart
39:38 Town Watch
44:58 Gold Mining
lillithadam20
14:46 Feudal Age
17:45 Castle Age
18:45 Loom
19:50 Horse Collar
26:14 Wheelbarrow
25:59 Gold Mining
25:59 Double-Bit Axe
26:53 Bow Saw
32:19 Bloodlines
32:10 Husbandry
32:48 Hand Cart
34:57 Scale Barding Armor
35:44 Forging
35:27 Town Watch
36:34 Chain Barding Armor
40:04 Imperial Age
41:20 Plate Barding Armor
43:48 Elite Battle Elephant
GEN0S
11:52 Feudal Age
15:26 Bloodlines
17:54 Scale Barding Armor
18:49 Loom
22:18 Double-Bit Axe
29:19 Scale Mail Armor
34:30 Castle Age
33:01 Horse Collar
34:00 Arson
34:45 Gold Mining
34:35 Pikeman
35:34 Chain Mail Armor
35:54 Chain Barding Armor
35:51 Bow Saw
36:49 Husbandry
36:10 Light Cavalry
37:07 Heavy Plow
38:22 Wheelbarrow
alexisjcw
5:14 Loom
15:37 Feudal Age
15:56 Man-at-Arms
16:46 Town Watch
18:31 Bloodlines
18:27 Double-Bit Axe
19:40 Wheelbarrow
19:36 Horse Collar
20:23 Scale Barding Armor
26:49 Forging
27:34 Fletching
King Spartacus
13:31 Feudal Age
15:07 Loom
16:35 Forging
19:56 Scale Barding Armor
21:45 Bloodlines
24:01 Wheelbarrow
29:24 Castle Age
29:35 Double-Bit Axe
29:38 Fishing Lines
33:32 Fletching
OM | Romeo D. Sins
3:11 Loom
11:43 Feudal Age
12:19 Double-Bit Axe
14:24 Horse Collar
16:32 Gold Mining
16:32 Stone Mining
19:27 Wheelbarrow
22:24 Castle Age
21:19 Forging
21:54 Scale Barding Armor
22:01 Bloodlines
22:42 Town Watch
23:49 Chain Barding Armor
24:05 Iron Casting
28:38 Bow Saw
28:34 Heavy Plow
31:07 Husbandry
33:16 Fletching
34:47 Thumb Ring
40:28 Gold Shaft Mining
40:28 Stone Shaft Mining
41:26 Bodkin Arrow
42:33 Stone Shaft Mining
45:42 Imperial Age
Connection lost

Rejoining the realm…

Still unreachable

The connection could not be restored.

Session expired

The server has moved on; the page needs a fresh start.